 Dungeon Crawl Stone Soup version 0.30.1-11-g7821555f0a (webtiles) character file.

Game seed: 12947680941442893277

667 KittyFluff the Cudgeller (level 7, 0/44 HPs)
             Began as a Gargoyle Berserker on Oct 30, 2023.
             Was a Priest of Trog.
             Slain by an orc priest
             ... wielding a +0 short sword
              (3 damage)
             ... on level 5 of the Dungeon.
             The game lasted 00:12:35 (3427 turns).

KittyFluff the Cudgeller (Gargoyle Berserker)       Turns: 3427, Time: 00:12:35

Health: 0/44       AC: 11    Str: 22    XL:     7   Next: 57%
Magic:  0/7        EV: 11    Int:  8    God:    Trog [***...]
Gold:   160        SH:  4    Dex:  9    Spells: 6/6 levels left

rFire   . . .        a - +0 mace
rCold   . . .        d - +0 buckler
rNeg    + . .        c - +0 leather armour
rPois   ∞            (no helmet)
rElec   +            E - +1 cloak
rCorr   .            (no gloves)
SInv    +            e - +0 pair of boots
Will    .....        k - amulet of guardian spirit
Stlth   +            p - ring of see invisible
HPRegen 0.27/turn    (no ring)
MPRegen 0.10/turn

%: guardian spirit
@: no status effects
A: sickness immunity, AC +4, negative energy resistance 1, electricity
resistance, torment resistance 1, petrification resistance
a: Renounce Religion, Berserk, Trog's Hand


You were on level 5 of the Dungeon.
You worshipped Trog.
Trog was most pleased with you.
You visited 1 branch of the dungeon, and saw 5 of its levels.

You collected 160 gold pieces.

Inventory:

Hand Weapons
 a - a +0 mace (weapon)
 C - a +0 arbalest
 D - a +2 quarterstaff of chaos
 F - a +1 heavy hammer
Missiles
 i - 8 poisoned darts (quivered)
 o - 3 curare-tipped darts
 x - a throwing net
 z - 3 boomerangs
Armour
 c - a +0 leather armour (worn)
 d - a +0 buckler (worn)
 e - a +0 pair of boots (worn)
 n - the +4 chain mail "Feusem" {rN+}
   (You found it on level 2 of the Dungeon)

   rN:        It protects you from negative energy.
 E - a +1 cloak (worn)
Jewellery
 k - an amulet of guardian spirit (around neck)
 p - a ring of see invisible (left hand)
Wands
 v - a wand of paralysis (7)
Scrolls
 b - a scroll of torment {unknown}
 f - 2 scrolls of vulnerability {unknown}
 g - a scroll of silence {unknown}
 h - a scroll of brand weapon {unknown}
 l - 2 scrolls of teleportation {unknown}
 q - a scroll of enchant weapon {unknown}
 s - a scroll of magic mapping {unknown}
 t - a scroll of poison {unknown}
 u - a scroll of fog {unknown}
 w - a scroll of fear {unknown}
 y - 2 scrolls of identify {unknown}
 A - a scroll of blinking {unknown}
Potions
 j - a potion of degeneration {unknown}
 m - 2 potions of brilliance {unknown}
 r - a potion of lignification {unknown}
 B - a potion of berserk rage {unknown}


   Skills:
 + Level 4.7 Fighting
 * Level 5.2 Maces & Flails
 * Level 5.1 Armour
 + Level 2.8 Dodging
 + Level 2.7 Shields


You had 6 spell levels left.
You didn't know any spells.
Your spell library was empty.

Dungeon Overview and Level Annotations

Branches:
Dungeon (5/15)             Temple (0/1) D:4

Altars:
Sif Muna
Zin

Shops:
D:1 =   D:4 *


Innate Abilities, Weirdness & Mutations

You are immune to sickness and miasma.
Your stone body is resilient. (AC +4)
You are immune to poison.
You resist negative energy. (rN+)
You are resistant to electric shocks. (rElec)
You are resistant to unholy torment.
You are immune to petrification.


Message History

The orc wizard hits you but does no damage.
You closely miss the orc wizard.
The orc wizard is lightly wounded.
The orc wizard hits you but does no damage.
You hit the orc wizard.
The orc wizard is moderately wounded.
The orc wizard gestures wildly while chanting.
The orc wizard flickers and vanishes for a moment.
You sock the orc wizard!
You kill the orc wizard!
Trog accepts your kill.
Trog appreciates your killing of a magic user.
You hit the orc but do no damage. You block the orc's attack.
You closely miss the orc. The orc closely misses you.
The orc priest invokes the aid of Beogh against you.
Beogh smites you!
You closely miss the orc. You block the orc's attack. x2
You hit the orc but do no damage. The orc hits you but does no damage.
You hit the orc but do no damage. The orc barely misses you.
The orc priest looks satisfied for a moment.
You sock the orc!
You kill the orc!
Trog accepts your kill.
You sock the orc priest!
The orc priest is heavily wounded.
The orc priest closely misses you.
You hit the orc priest.
The orc priest is severely wounded.
The orc priest hits you but does no damage.
You hit the orc priest but do no damage.
The orc priest is severely wounded.
The orc priest calls down the wrath of Beogh upon you.
Beogh smites you!
* * * LOW HITPOINT WARNING * * *
The orc priest hits you but does no damage.
The iguana attacks as you move away! The iguana bites you.
* * * LOW HITPOINT WARNING * * *
The orc priest attacks as you move away!
The orc priest hits you with a +0 short sword.
You die...

#.##..)))......####
##.######)..###.####
#..# #...# #.#...
#.## #...# #.# ##
#.# #...# #.#.## #.#
#.... ...... #.##
#...########
#.l######.... ......
#.#@.......#########
#.o#######. # #..# #
#..# # #..# ######
#..# ...... #..#
.##### #..###### .
#.......o ...


You could see an iguana and an orc priest.

Vanquished Creatures
  Sigmund (D:2)
  An orc warrior (D:4)
  A gnoll sergeant (D:5)
  2 hounds (D:4)
  Crazy Yiuf (D:4)
  3 orc wizards
  5 adders
  7 gnolls
  A worm (D:2)
  2 dart slugs
  14 orcs
  4 ball pythons
  2 bats (D:2)
  8 endoplasms
  4 giant cockroaches
  5 hobgoblins
  5 kobolds
  5 quokkas
  3 frilled lizards
  5 goblins
  9 rats
88 creatures vanquished.

Notes
Turn   | Place    | Note
-------+----------+-------------------------------------------
     0 | D:1      | KittyFluff the Gargoyle Berserker began the quest for the
                  | Orb.
     0 | D:1      | Reached XP level 1. HP: 14/14 MP: 1/1
   211 | D:1      | Reached XP level 2. HP: 17/19 MP: 2/2
   572 | D:1      | Found Fenierri's Jewellery Shoppe.
   642 | D:2      | Reached XP level 3. HP: 19/23 MP: 3/3
   773 | D:2      | Identified the +4 chain mail "Feusem" {rN+}
   827 | D:2      | Noticed Sigmund
   835 | D:2      | Reached ** piety under Trog
   843 | D:2      | Killed Sigmund
   844 | D:2      | Reached skill level 1 in Shields
   844 | D:2      | Reached XP level 4. HP: 7/29 MP: 0/4
   844 | D:2      | Reached XP level 5. HP: 8/33 MP: 0/5
  1601 | D:3      | Reached XP level 6. HP: 38/38 MP: 6/6
  2025 | D:3      | Reached *** piety under Trog
  2150 | D:3      | Found a shimmering blue altar of Sif Muna.
  2313 | D:4      | Found a staircase to the Ecumenical Temple.
  2445 | D:4      | Noticed an orc warrior
  2457 | D:4      | Killed an orc warrior
  2458 | D:4      | Reached XP level 7. HP: 11/44 MP: 1/7
  2858 | D:4      | Reached skill level 5 in Maces & Flails
  2874 | D:4      | Found a runed translucent door.
  2875 | D:4      | Noticed Crazy Yiuf
  2884 | D:4      | Killed Crazy Yiuf
  2945 | D:4      | Found Zin's Purification Station.
  2948 | D:4      | Found a glowing silver altar of Zin.
  3073 | D:5      | Entered Level 5 of the Dungeon
  3246 | D:5      | Reached skill level 5 in Armour
  3427 | D:5      | Slain by an orc priest

Illustrated notes

Levels and vault maps discovered:
D:1:      lemuel_arrival_muddy, layout_basic, serial_shops, shop
D:2:      layout_loops_ring, uniq_sigmund
D:3:      layout_loops_ring, lemuel_blue_sif_altar
D:4:      layout_basic, zin_purify, minmay_temple_entry_ruins, serial_forest,
          infiniplex_forest_zigzag_1, infiniplex_forest_clump_double,
          infiniplex_forest_clump_double, infiniplex_forest_lined_1,
          infiniplex_forest_lined_2, infiniplex_forest_end_1,
          infiniplex_forest_clump_medium, bh_walls_and_bars,
          uniq_crazy_yiuf_cottage
D:5:      layout_loops_ring, lightli_corner_chamber, uniq_grinder, uniq_edmund

Skill      XL: |  1  2  3  4  5  6  7 |
---------------+----------------------+-----
Armour         | 3 4 5 |  5.1
Fighting       | 4 |  4.7
Maces & Flails | 4 5 |  5.2
Dodging        | 2 |  2.8
Shields        | 1 2 |  2.7

Action                     |  1- 3 |  4- 6 |  7- 9 || total
---------------------------+-------+-------+-------++-------
  Melee: Mace              |    71 |   136 |   132 ||   339
 Invoke: Berserk           |     1 |     1 |     1 ||     3
   Stab: Sleeping          |       |     1 |       ||     1
 Armour: Animal skin       |    33 |    52 |    12 ||    97
         Leather armour    |       |       |    24 ||    24
  Dodge: Dodged            |    28 |    65 |    74 ||   167
  Block: Buckler           |     6 |    14 |    25 ||    45
